cohdb
Replays
Latest Replays
All Replays
Popular Replays
Top Player Replays
Match Explorer
How It Works
Community
CoH3 Stats
Reddit
Sign in to upload your games and track your stats! →
Sign in with Steam
Match 42805607
Unlisted
Match 42805607
Overview
Messages
Build Orders
End
Kradschützen Motorcycle Team
Panzergrenadier Squad
Selects Italian Infantry
Panzergrenadier Squad
Panzergrenadier Squad
Construct Light Support Kompanie
Fire Support Elements
Flakvierling Half-track
Selects Guastatori Squad
Guastatori Squad
2.5-tonne Medical Truck
Pak 38 Mechanized Group
Selects Defensive Operations
Combat Half-tracks
Construct Panzerarmee Kommand
yitzak
Mustache and Melons
BATPIMP
Trigan
0
0
Comments
sign in to comment!
No comments posted yet!